AoeStats
← jurjur.mobile

Yucatan

510346756Analyzed
3v3 RM · 2d ago on Sep 30, 2026· 83m 21s· 6 players
Game mode
Random Map
Map size
Normal (6 player)
Population
200
Speed
Normal
Resources
Standard
Victory
Conquest
Starting age
Dark Age
Ending age
Imperial Age
RankedLock teamsTeams togetherTeam positionsShared explorationLock speedFull tech treeHidden civsTurbo modeCheats
Victory
Defeat
🇪🇸 Vikings · Spain
855
+12
🇪🇸 Bulgarians · Spain
716
+17
🇪🇸 Hindustanis · Spain
664
+20
🇲🇽 Aztecs · Mexico
757
-17
🇹🇷 Spanish · Türkiye
747
-16
🇩🇪 Hindustanis · Germany
740
-16
pjanic1520
2:40 Loom
16:31 Feudal Age
17:53 Town Watch
18:43 Man-at-Arms
Tunnes
0:38 Loom
12:18 Feudal Age
17:57 Castle Age
22:21 Wheelbarrow
30:08 Imperial Age
28:26 Double-Bit Axe
29:58 Ballistics
30:41 Fervor
30:48 Horse Collar
33:45 Murder Holes
34:26 Caravan
34:30 Grand Trunk Road
34:49 Hand Cart
34:42 Town Watch
35:01 Heavy Plow
35:16 Bow Saw
36:38 Chemistry
36:19 Padded Archer Armor
36:14 Fletching
37:38 Leather Archer Armor
37:24 Scale Mail Armor
37:29 Scale Barding Armor
37:34 Forging
37:31 Town Patrol
38:12 Stone Mining
38:13 Gold Mining
38:47 Squires
38:12 Pikeman
40:37 Fortified Wall
40:40 Masonry
41:03 Ring Archer Armor
40:29 Bodkin Arrow
42:26 Stone Shaft Mining
42:27 Gold Shaft Mining
43:58 Hoardings
43:44 Conscription
44:01 Shatagni
50:34 Bracer
51:09 Iron Casting
50:50 Chain Mail Armor
52:45 Two-Man Saw
52:10 Chain Barding Armor
63:12 Blast Furnace
69:34 Elite Ghulam
SonOfRain
5:06 Loom
8:07 Loom
10:33 Feudal Age
13:53 Gold Mining
14:13 Double-Bit Axe
19:04 Castle Age
19:11 Stone Mining
19:17 Horse Collar
20:33 Heavy Plow
22:34 Ballistics
22:35 Bow Saw
26:31 Bloodlines
30:02 Padded Archer Armor
29:54 Fletching
31:19 Leather Archer Armor
31:11 Scale Barding Armor
31:19 Forging
34:13 Bodkin Arrow
34:29 Husbandry
39:35 Imperial Age
39:46 Elite Conquistador
40:50 Conscription
43:20 Wheelbarrow
42:31 Town Watch
43:25 Stone Shaft Mining
50:20 Hand Cart
52:56 Chemistry
52:05 Caravan
52:35 Coinage
52:16 Guilds
52:34 Town Patrol
53:07 Ring Archer Armor
52:38 Bracer
52:58 Masonry
52:36 Arrowslits
53:59 Two-Man Saw
53:48 Hoardings
53:42 Fortified Wall
75:41 Pikeman
76:24 Squires
77:28 Halberdier
Grimor91
10:58 Feudal Age
11:52 Double-Bit Axe
13:07 Gold Mining
19:07 Stone Mining
21:37 Castle Age
20:02 Forging
19:52 Scale Mail Armor
21:25 Bloodlines
24:45 Bow Saw
25:32 Iron Casting
25:13 Chain Mail Armor
27:53 Horse Collar
30:07 Heavy Plow
30:39 Scale Barding Armor
31:06 Stirrups
32:53 Husbandry
34:16 Chain Barding Armor
34:05 Light Cavalry
42:46 Imperial Age
42:53 Elite Konnik
43:00 Hussar
44:34 Bagains
49:22 Blast Furnace
48:58 Plate Barding Armor
48:54 Plate Mail Armor
49:57 Gold Shaft Mining
LaSema92
12:51 Feudal Age
13:30 Double-Bit Axe
21:48 Horse Collar
22:21 Scale Barding Armor
26:47 Castle Age
30:44 Scale Mail Armor
30:55 Forging
35:45 Imperial Age
34:00 Heavy Plow
40:03 Heavy Camel Rider
41:33 Wheelbarrow
42:18 Iron Casting
42:13 Chain Barding Armor
50:04 Imperial Camel Rider
56:17 Plate Barding Armor
56:43 Blast Furnace
58:52 Elite Ghulam
60:03 Elite Ghulam
75:40 Ballistics
76:21 Chemistry
jurjur.mobile
8:42 Loom
11:45 Feudal Age
12:08 Man-at-Arms
14:13 Forging
13:55 Arson
14:03 Arson
14:49 Scale Mail Armor
14:48 Double-Bit Axe
19:21 Horse Collar
19:36 Gold Mining
19:45 Stone Mining
25:08 Castle Age
26:51 Bow Saw
27:31 Iron Casting
28:53 Squires
29:47 Heavy Plow
30:42 Chain Mail Armor
33:14 Chieftains
34:38 Caravan
39:09 Imperial Age
40:02 Elite Varangian Guard
42:16 Blast Furnace
41:06 Pikeman
45:46 Plate Mail Armor
47:05 Two-Man Saw
49:59 Cavalier
50:52 Scale Barding Armor
54:33 Chain Barding Armor
54:56 Light Cavalry
80:19 Long Swordsman
82:25 Two-Handed Swordsman
Connection lost

Rejoining the realm…

Still unreachable

The connection could not be restored.

Session expired

The server has moved on; the page needs a fresh start.